 Dungeon Crawl Stone Soup version 0.27-a0-1312-g5cdb2b3542 (webtiles) character file.

Game seed: 4385135312780590496

5 bilbop the Caller (level 1, 0/13 HPs)
             Began as a Mummy Summoner on June 20, 2021.
             Slain by a kobold (4 damage)
             ... on level 1 of the Dungeon.
             The game lasted 00:02:55 (529 turns).

bilbop the Caller (Mummy Summoner)                   Turns: 529, Time: 00:02:56

Health: 0/13       AC:  3    Str: 11    XL:     1   Next: 66%
Magic:  1/4        EV: 11    Int: 14    God:
Gold:   9          SH:  0    Dex: 12    Spells: 4/5 levels left

rFire    x . .     SeeInvis .   (no weapon)
rCold    + . .     Faith    .   (no shield)
rNeg     + + +     Spirit   .   b - +0 leather armour
rPois    ∞         Reflect  .   (no helmet)
rElec    .         Harm     .   (no cloak)
rCorr    .         Rampage  .   (no gloves)
Will     .....                  (no boots)
Stlth    ++........             (no amulet)
HPRegen  0.04/turn              (no ring)
MPRegen  0.09/turn              (no ring)

@: no status effects
A: cold resistance 1, negative energy resistance 3, torment resistance 2, heat
vulnerability 1, no potions
a: no special abilities


You were on level 1 of the Dungeon.
You visited 1 branch of the dungeon, and saw 1 of its levels.

You collected 9 gold pieces.

Inventory:

Armour
 a - a +0 robe
 b - a +0 leather armour (worn)
Scrolls
 c - a scroll of teleportation {unknown}


   Skills:
 + Level 1.7 Dodging
 + Level 1.7 Stealth
 + Level 2.8 Spellcasting
 + Level 3.3 Summonings


You had 4 spell levels left.
You knew the following spells:

 Your Spells              Type           Power      Damage    Failure   Level
a - Summon Small Mammal   Summ           44%        N/A       8%          1

Your spell library contained the following spells:

 Spells                   Type           Power      Damage    Failure   Level
 Call Imp                 Summ           11%        N/A       11%         2
 Call Canine Familiar     Summ           11%        N/A       22%         3
 Summon Guardian Golem    Hex/Summ       6%         N/A       41%         3
 Summon Ice Beast         Ice/Summ       6%         N/A       82%         4
 Summon Lightning Spire   Summ/Air       6%         N/A       82%         4


Dungeon Overview and Level Annotations

Branches:
Dungeon (1/15)

Altars:


Innate Abilities, Weirdness & Mutations

You are immune to poison.
Your flesh is cold resistant. (rC+)
You are immune to negative energy. (rN+++)
You are immune to unholy pain and torment.
You are vulnerable to heat. (rF-)
You do not drink.


Message History

You closely miss the giant cockroach.
Your quokka closely misses the giant cockroach.
The giant cockroach barely misses you.
Your rat barely misses the giant cockroach.
You swap places.
Your quokka closely misses the giant cockroach.
Your quokka barely misses the giant cockroach.
The kobold hits you with a +0 club. The giant cockroach bites your quokka.
Your quokka closely misses the giant cockroach.
Your rat bites the giant cockroach but does no damage.
Your quokka bites the giant cockroach but does no damage.
The rat bites your rat.
You swap places.
The kobold hits your rat with a +0 club.
Your rat dies!
Your rat's corpse disappears in a puff of smoke!
The giant cockroach barely misses your quokka.
Your quokka barely misses the giant cockroach.
Your quokka completely misses the giant cockroach.
Your rat bites the giant cockroach but does no damage.
Something bites your rat. The kobold hits you with a +0 club.
The giant cockroach bites your quokka.
Your quokka barely misses the giant cockroach.
Your quokka bites the giant cockroach.
Your rat misses the giant cockroach. The rat bites your rat.
Your rat dies!
Your rat's corpse disappears in a puff of smoke!
You hit the kobold but do no damage. The giant cockroach bites your quokka.
Your quokka dies!
Your quokka's corpse disappears in a puff of smoke!
The kobold barely misses you.
Your quokka barely misses the giant cockroach.
You barely miss the kobold. The kobold hits you but does no damage.
Your quokka bites the giant cockroach.
The giant cockroach dies!
The rat bites you.
You closely miss the kobold. The kobold hits you but does no damage.
Your quokka barely misses the kobold.
The rat barely misses you.
You hit the kobold but do no damage. The kobold hits you with a +0 club.
You die...

#......# #....#
####......# #.....
..##......#
#.....##.##......#
.......##......####
....#.##.........# ##
#..#.#######....# ##
#...#.K#..######..†.###.
+....$r@.......'......'.
#...#.r#...###.#....###.
#. #..#.#.###.#....# #.
#..#.#..##.#....# #.
#..#.##.##.#....# ##
#..#.##..#.#....#
####.###.#.###### #.#
#.#.# ## #...#


You could see a kobold (ally target), a rat and a friendly quokka (summoned).

Vanquished Creatures
  A dart slug (D:1)
1 creature vanquished.

Vanquished Creatures (collateral kills)
  2 ball pythons (D:1)
  An endoplasm (D:1)
  A giant cockroach (D:1)
  2 hobgoblins (D:1)
6 creatures vanquished.

Grand Total: 7 creatures vanquished

Notes
Turn   | Place    | Note
-------+----------+-------------------------------------------
     0 | D:1      | bilbop the Mummy Summoner began the quest for the Orb.
     0 | D:1      | Reached XP level 1. HP: 13/13 MP: 4/4
   529 | D:1      | Slain by a kobold

Illustrated notes

Levels and vault maps discovered:
D:1:      lemuel_arrival_rhombus, layout_basic, ebering_ecumenical_altar_rust,
          chequers_decorated_corner, serial_bayou_lagoon_b

Action                   || total
-------------------------++-------
Melee: Unarmed           ||    10
 Cast: Summon Small Mamm ||    22
Armor: Leather armour    ||     2
Dodge: Dodged            ||    10

Table legend: (Time is in decaauts)
 A = Elapsed time spent in this place.
 B = Non-inter-level travel time spent in this place.
 C = Inter-level travel time spent in this place.
 D = Time resting spent in this place.
 E = Time spent auto-exploring this place.
 F = Levels seen in this place.
 G = Mean time per level.
                   A        B        C        D        E       F      G
               +--------+--------+--------+--------+--------+-----+--------+
         Total |    529 |    529 |      0 |      0 |    430 |   1 |  529.0 |
       Dungeon |    529 |    529 |      0 |      0 |    430 |   1 |  529.0 |
               +--------+--------+--------+--------+--------+-----+--------+

Top non-repeatable levels by time:
     D:1: 529 daAuts
